cohdb
Replays
Latest Replays
All Replays
Popular Replays
Top Player Replays
Match Explorer
How It Works
Community
CoH3 Stats
Reddit
Sign in to upload your games and track your stats! →
Sign in with Steam
Match 47435831
Unlisted
Match 47435831
Overview
Messages
Build Orders
End
Panzergrenadier Squad
Panzergrenadier Squad
250 Light Carrier
Construct Light Support Kompanie
Fire Support Elements
Combat Half-tracks
Flakvierling Half-track
Selects Battlefield Espionage Battlegroup
Selects Intel Disruption Beacon
Pak 38 Mechanized Group
2.5-tonne Medical Truck
Vehicle Survival Package
Selects Transfer Depots
Construct Panzerarmee Kommand
Selects 250/3 Funkpanzerwagen
Panzer III L Medium Tank
likewind3
you
你赢不了U LOSE
顶尖猎杀者
Achilles Gaming @ YouTube
kimsimin
Keow
Balzeal
0
0
Comments
sign in to comment!
No comments posted yet!